Map: Eternal Empire LE

Players

Dear - Winner!

  • Race: Protoss Protoss
  • Spawn Location: 1:00

Kelazhur

  • Race: Terran Terran
  • Spawn Location: 7:00

Event: IEM Katowice 2020

VOD

Have the link to the VOD?

Description

Time

  • Played on: Feb. 25, 2020, 10:27 a.m.
  • Length: 10:20

All games in this series

Show
View Real Time Build Order
Export as new Build Order

Dear Protoss - Winner!

Build Orders: 1 Gate Expand, Oracle Opening, Phoenix Opening 

Get SALT Encoding   

  12  0:00  Probe  
  13  0:12  Probe  
  14  0:17  Pylon  
  14  0:24  Probe (Chrono Boost)  
  15  0:37  Probe (Chrono Boost), Gateway  
  16  0:44  Probe (Chrono Boost)  
  16  0:46  Assimilator  
  17  0:51  Probe  
  18  1:03  Probe  
  19  1:15  Probe  
  20  1:23  Nexus  
  20  1:33  Cybernetics Core  
  20  1:37  Probe  
  21  1:42  Assimilator  
  21  1:49  Probe  
  22  1:56  Pylon  
  22  2:01  Probe  
  23  2:11  Adept (Chrono Boost)  
  23  2:14  Probe  
  23  2:15  Stargate  
  26  2:22  Warp Gate  
  26  2:26  Probe (Chrono Boost)  
  27  2:31  Adept (Chrono Boost)  
  27  2:36  Probe (Chrono Boost)  
  31  2:44  Probe (Chrono Boost)  
  31  2:45  Probe (Chrono Boost)  
  31  2:50  Probe x2 (Chrono Boost)  
  33  2:53  Adept  
  36  2:59  Oracle (Chrono Boost)  
  36  3:02  Probe  
  36  3:03  Probe  
  41  3:07  Pylon  
  41  3:15  Probe  
  41  3:16  Probe  
  43  3:24  Gateway  
  43  3:27  Probe  
  43  3:28  Probe  
  45  3:34  Phoenix (Chrono Boost)  
  45  3:39  Probe  
  45  3:40  Probe  
  49  3:54  Nexus  
  45  3:57  Probe, Phoenix (Chrono Boost)  
  45  3:58  Probe  
  45  4:02  Assimilator  
  49  4:05  Assimilator  
  49  4:11  Adept  
  49  4:14  Phoenix (Chrono Boost)  
  49  4:16  Pylon  
  53  4:18  Probe  
  54  4:34  Probe x2  
  54  4:36  Phoenix (Chrono Boost)  
  54  4:37  Pylon  
  58  4:44  Robotics Facility  
  58  4:46  Probe x2  
  58  4:52  Pylon  
  60  4:58  Probe x2 (Chrono Boost), Phoenix  
  64  5:06  Probe (Chrono Boost), Forge  
  65  5:07  Twilight Council  
  65  5:10  Probe (Chrono Boost)  
  67  5:16  Probe (Chrono Boost)  
  67  5:17  Probe (Chrono Boost)  
  67  5:18  Pylon  
  67  5:19  Probe (Chrono Boost)  
  69  5:22  Probe (Chrono Boost)  
  69  5:23  Probe (Chrono Boost), Sentry  
  69  5:24  Probe  
  69  5:27  Pylon  
  74  5:31  Observer  
  74  5:33  Probe  
  74  5:34  Probe  
  77  5:36  Probe, Robotics Bay  
  77  5:40  Protoss Ground Weapons Level 1  
  77  5:41  Assimilator  
  78  5:44  Assimilator  
  78  5:45  Probe  
  78  5:46  Probe  
  78  5:49  Probe  
  81  5:52  Immortal (Chrono Boost)  
  81  5:55  Gateway  
  85  5:57  Probe  
  85  5:58  Gateway  
  85  6:00  Charge  
  85  6:02  Probe x2  
  88  6:10  Probe  
  89  6:13  Pylon  
  89  6:18  Gateway x2  
  89  6:20  Zealot x2  
  93  6:27  Probe x2  
  93  6:28  Colossus (Chrono Boost)  
  101  6:34  Extended Thermal Lance  
  101  6:37  Gateway  
  101  6:40  Gateway  
  101  6:41  Sentry x2  
  101  6:44  Shield Battery  
  101  6:45  Shield Battery  
  105  6:48  Photon Cannon  
  105  6:55  Probe  
  105  6:57  Stalker  
  105  6:58  Stalker  
  110  7:04  Photon Cannon  
  110  7:05  Colossus (Chrono Boost)  
  110  7:06  Shield Battery  
  116  7:19  Pylon  
  116  7:20  Pylon  
  116  7:24  Templar Archives  
  116  7:33  Pylon  
  116  7:35  Pylon  
  116  7:41  Stalker x4  
  116  7:42  Protoss Ground Armor Level 1  
  116  7:43  Zealot x2  
  127  7:46  Zealot x2  
  127  7:48  Psionic Storm  
  127  7:49  Colossus (Chrono Boost)  
  131  7:53  Blink  
  131  7:55  Observer  
  127  8:20  Nexus  
  127  8:26  Warp Prism (Chrono Boost)  
  127  8:27  High Templar x2  
  127  8:31  High Templar  
  127  8:33  Pylon  
  135  8:34  Pylon x2  
  135  8:37  Probe x2, Pylon  
  137  8:44  High Templar  
  138  8:48  Probe, Gateway  
  138  8:49  Probe x2  
  138  8:50  Gateway  
  138  8:51  Pylon  
  140  8:58  Forge  
  140  9:00  High Templar x2  
  140  9:01  Zealot x2  
  140  9:02  Zealot x2  
  152  9:04  Zealot  
  152  9:06  Disruptor (Chrono Boost)  
  152  9:07  Probe x3  
  160  9:13  Observer  
  160  9:24  Zealot x5  
  160  9:25  Zealot  
  172  9:36  High Templar  
  172  9:37  High Templar  
  176  9:45  Zealot x6  
  180  9:46  Zealot  
  172  10:01  Archon x2  
  172  10:03  Stalker  
  166  10:08  Zealot x7  
Show
View Real Time Build Order
Export as new Build Order

Kelazhur Terran 

Build Orders:  

Get SALT Encoding   

  12  0:00  SCV  
  13  0:12  SCV  
  14  0:17  Supply Depot  
  14  0:24  SCV  
  15  0:38  SCV  
  15  0:40  Barracks  
  16  0:43  Refinery  
  16  0:50  SCV  
  17  1:02  SCV  
  18  1:15  SCV  
  19  1:26  Marine  
  19  1:27  Orbital Command  
  20  1:45  Command Center  
  20  1:51  Factory  
  20  1:55  SCV  
  21  2:02  Barracks Reactor  
  21  2:05  Supply Depot  
  22  2:08  SCV  
  22  2:13  Refinery  
  22  2:20  SCV  
  23  2:32  SCV  
  24  2:39  Starport  
  24  2:42  Hellion x2  
  28  2:44  SCV  
  29  2:52  Barracks Tech Lab  
  29  2:57  SCV, Orbital Command  
  30  3:04  Widow Mine  
  30  3:05  Widow Mine  
  34  3:09  SCV  
  35  3:18  Medivac  
  37  3:21  SCV  
  37  3:23  SCV  
  39  3:27  Supply Depot  
  39  3:33  SCV  
  40  3:36  Marine x2  
  40  3:43  SCV  
  40  3:45  SCV  
  40  3:54  Cyclone  
  40  3:55  SCV  
  41  3:56  Viking  
  41  4:00  SCV  
  42  4:07  SCV  
  42  4:08  Marine  
  42  4:09  Marine  
  42  4:12  SCV  
  42  4:19  SCV  
  43  4:24  SCV  
  42  4:31  SCV  
  42  4:36  SCV  
  42  4:37  Marine x2  
  42  4:41  Barracks  
  42  4:42  Barracks  
  43  4:49  Cyclone  
  45  4:55  Supply Depot  
  45  4:56  SCV  
  45  4:57  SCV  
  45  5:04  Marine  
  46  5:09  Refinery  
  46  5:10  Engineering Bay  
  46  5:11  Starport Tech Lab  
  46  5:17  SCV x2  
  49  5:21  Supply Depot  
  48  5:29  SCV x2, Factory Reactor  
  48  5:34  Stimpack, Marine  
  51  5:40  Marine x2  
  51  5:41  SCV  
  54  5:43  SCV  
  54  5:44  Starport Reactor, Terran Infantry Weapons Level 1  
  54  5:45  Supply Depot  
  54  5:46  Refinery  
  55  5:51  Supply Depot  
  55  5:54  SCV  
  55  5:55  SCV  
  59  5:58  Combat Shield, Marauder x2  
  59  6:00  Marine  
  59  6:04  Marine  
  62  6:08  SCV  
  61  6:12  SCV, Supply Depot  
  61  6:15  Widow Mine x2  
  66  6:20  Marauder x2  
  66  6:22  Marine x2  
  72  6:26  Medivac  
  72  6:27  Medivac  
  76  6:39  Widow Mine x2  
  80  6:41  SCV x2  
  80  6:42  Marine x2  
  80  6:43  Supply Depot  
  80  6:45  Marauder  
  86  6:49  Supply Depot  
  86  7:04  Medivac x2  
  86  7:05  Missile Turret, Widow Mine x2  
  86  7:06  Supply Depot  
  86  7:07  Missile Turret  
  94  7:11  Marauder  
  94  7:13  Supply Depot  
  94  7:14  Marine x2  
  94  7:15  Marauder  
  100  7:16  Concussive Shells  
  100  7:19  SCV  
  100  7:20  SCV  
  102  7:25  Supply Depot  
  99  7:33  SCV x2  
  101  7:41  Marauder  
  101  7:42  Marauder  
  99  7:45  SCV, Marine x2  
  99  7:49  Widow Mine  
  96  8:05  Marauder x2, Marine x2  
  89  8:06  SCV x2  
  89  8:07  Supply Depot  
  89  8:10  Viking  
  89  8:11  Widow Mine  
  94  8:23  SCV  
  94  8:26  Marine x2  
  95  8:30  Barracks  
  95  8:31  Barracks  
  99  8:34  Marauder x2  
  99  8:35  SCV x2  
  99  8:36  Command Center  
  101  8:49  Liberator x2  
  107  8:56  Marauder, Marine x2  
  107  9:02  Marauder  
  113  9:07  SCV x2  
  115  9:14  Armory  
  115  9:19  Barracks Tech Lab  
  115  9:20  Barracks Reactor  
  115  9:21  Marauder, Marine x2  
  118  9:32  Liberator x2  
  118  9:34  Marauder  
  126  9:41  Marine x2  
  126  9:42  Marauder  
  130  9:48  Orbital Command  
  127  9:57  Marauder x2  

Tags
 
Add a new tag
Caveats
  • Supply blocks, unpowered buildings, or Contaminate may cause inaccurate times.
  • Supply counts are checked every 10 seconds.